Map: Pendiente de Agustín EE

Players

Vanfigo

  • Race: Terran Terran
  • League: Platinum
  • Spawn Location: 6:00

AresSuo

  • Race: Terran Terran
  • Spawn Location: 6:00

perroteMayor

  • Race: Terran Terran
  • Spawn Location: 5:00

MrFercho - Winner!

  • Race: Zerg Zerg
  • League: Gold
  • Spawn Location: 12:00

TATORREA - Winner!

  • Race: Protoss Protoss
  • League: Gold
  • Spawn Location: 11:00

tigro - Winner!

  • Race: Terran Terran
  • League: Bronze
  • Spawn Location: 12:00

VOD

Have the link to the VOD?

Description

Time

  • Played on: Aug. 16, 2020, 10:21 p.m.
  • Length: 18:20
Show
View Real Time Build Order
Export as new Build Order

Vanfigo Terran 

Build Orders:  

Get SALT Encoding   

  12  0:00  SCV  
  13  0:12  SCV  
  14  0:17  Supply Depot  
  14  0:24  SCV  
  15  0:39  SCV  
  15  0:40  Barracks  
  16  0:46  Refinery  
  16  0:51  SCV  
  17  1:03  Barracks, SCV  
  18  1:26  Orbital Command  
  18  1:27  Marine  
  19  1:41  Refinery  
  19  1:52  Barracks Tech Lab  
  19  1:54  SCV  
  20  2:06  SCV  
  21  2:14  Marine  
  22  2:17  Barracks Reactor  
  22  2:18  SCV  
  22  2:20  Stimpack  
  23  2:40  Command Center  
  23  2:41  Supply Depot  
  23  2:45  Factory  
  23  2:56  Barracks  
  23  3:02  Marine x2, SCV  
  26  3:08  Supply Depot  
  26  3:14  SCV  
  26  3:18  Marine  
  28  3:22  Marine  
  29  3:28  Factory Tech Lab  
  29  3:34  Marine  
  29  3:35  SCV  
  31  3:45  Barracks Reactor  
  31  3:54  Starport  
  31  4:00  Orbital Command  
  31  4:05  SCV  
  32  4:10  Combat Shield  
  32  4:14  Marine  
  33  4:18  SCV  
  33  4:20  Marine  
  33  4:23  Marine  
  36  4:26  Marine  
  36  4:29  SCV  
  38  4:35  Supply Depot  
  38  4:38  Siege Tank  
  41  4:40  Starport Reactor  
  41  4:42  SCV  
  41  4:44  SCV  
  43  4:50  Supply Depot  
  43  4:53  Marine, Engineering Bay  
  43  4:55  Marine  
  43  4:57  Marine  
  46  5:05  SCV x2  
  48  5:07  Engineering Bay  
  48  5:11  Refinery  
  48  5:12  Marine  
  48  5:13  Refinery  
  49  5:17  SCV  
  50  5:21  Siege Tank  
  50  5:24  Terran Infantry Weapons Level 1  
  50  5:25  SCV  
  54  5:29  SCV  
  54  5:31  Marine x2  
  54  5:32  Marine x2  
  59  5:38  Medivac x2  
  63  6:10  Marauder, Marine x3  
  66  6:32  Marauder  
  68  6:35  Medivac  
  70  6:42  Supply Depot  
  70  6:43  Supply Depot  
  70  6:44  Terran Infantry Armor Level 1  
  70  6:51  Armory  
  70  7:04  Marauder, Medivac, Siege Tank, SCV x2  
  79  7:08  Marine  
  80  7:16  Medivac, SCV  
  80  7:21  Sensor Tower, Marine  
  80  7:22  Marine  
  85  7:24  SCV  
  86  7:30  Barracks  
  86  7:35  Barracks  
  86  7:43  Command Center  
  86  8:12  Supply Depot  
  86  8:13  Supply Depot  
  86  8:22  Barracks Tech Lab  
  86  8:23  Barracks Reactor  
  86  8:27  Concussive Shells  
  86  8:33  Marine x4  
  86  8:34  Marauder, SCV x2  
  94  8:35  Viking x2  
  98  8:46  SCV x2  
  100  8:51  Marine  
  100  8:54  Starport  
  103  8:55  Marauder, Starport  
  103  8:57  Starport  
  103  8:58  SCV  
  103  8:59  Starport  
  104  9:06  Orbital Command  
  104  9:16  Viking x2  
  108  9:17  SCV x2  
  108  9:22  Refinery  
  108  9:24  Refinery  
  110  9:27  Terran Infantry Weapons Level 2  
  110  9:29  SCV  
  111  9:37  SCV  
  111  9:38  SCV  
  113  9:40  Armory, Marine x2  
  113  9:41  Marine, SCV  
  117  9:50  Starport Reactor x3  
  117  9:51  Starport Reactor  
  117  10:01  Supply Depot x2  
  117  10:02  Supply Depot  
  117  10:22  Viking x2, Marine x3, SCV  
  117  10:23  Marine x5  
  130  10:28  Terran Infantry Armor Level 2  
  130  10:35  Terran Vehicle Weapons Level 1  
  130  10:38  SCV x3  
  130  10:40  Marine x3  
  130  10:41  Marine x3  
  139  10:50  SCV  
  140  11:01  Marine  
  141  11:07  Supply Depot x2  
  141  11:09  Supply Depot  
  141  11:10  Supply Depot  
  141  11:22  Command Center  
  141  11:28  Marine x4  
  141  11:29  SCV x3  
  148  11:41  SCV  
  147  11:56  Siege Tank  
  147  11:58  Marauder, Marine  
  147  11:59  Marauder  
  147  12:00  SCV x3  
  158  12:11  Marine x2  
  158  12:12  Marine x3  
  163  12:20  Marauder x2  
  167  12:23  Supply Depot  
  167  12:24  Supply Depot  
  167  12:28  Siege Tank  
  167  12:29  Refinery  
  170  12:31  Refinery  
  170  12:41  Marauder x2  
  140  13:03  Marauder x2  
  115  13:23  Medivac x5  
  115  13:24  Marauder x2  
  129  13:37  Starport  
  129  13:41  Planetary Fortress  
  104  14:17  Marauder x2, Marine x4  
  81  14:35  Marine x2  
  74  14:39  Marauder x2  
  60  14:52  Marine  
  60  14:53  Marine  
  57  15:00  Marauder x2  
  61  15:10  Marine  
  61  15:11  Marine  
  55  15:22  Marauder  
  55  15:25  Engineering Bay  
  55  15:27  Barracks  
  55  15:28  Barracks, Marine x2  
  55  15:29  Barracks  
  54  15:43  Marauder  
  54  15:46  Marine x2  
  48  16:04  Marauder, Marine x2  
  51  16:13  Marine  
  51  16:14  Marine  
  40  16:22  Marine x2  
  40  16:25  Marine  
  30  16:32  Marine  
  32  16:39  Marine  
  20  16:40  Marine  
  20  16:43  Marine  
  21  16:50  Viking  
  21  16:51  Viking x3  
  21  16:57  Marine  
  21  16:58  Marine  
  23  17:06  Marine  
  23  17:15  Marine x2  
  23  17:40  Marine x2  
  23  17:41  Viking  
  23  17:42  Viking  
  23  17:43  Marine  
  23  17:44  Viking x2  
  21  17:58  Marine x2  
  23  18:01  Marine  
Show
View Real Time Build Order
Export as new Build Order

AresSuo Terran 

Build Orders:  

Get SALT Encoding   

  12  0:09  Supply Depot  
  12  0:13  SCV  
  13  0:34  Barracks  
  13  0:40  SCV, Refinery  
  14  0:52  SCV  
  15  1:04  SCV  
  16  1:16  SCV  
  17  1:23  Marine  
  18  1:41  Marine  
  18  1:42  Refinery  
  19  1:48  Orbital Command  
  19  1:58  Marine  
  20  2:18  SCV  
  21  2:30  Factory, SCV  
  21  2:32  Supply Depot  
  22  2:42  SCV  
  22  2:43  Supply Depot  
  23  2:54  SCV  
  23  2:55  Barracks Tech Lab  
  24  3:16  Command Center  
  24  3:24  Starport  
  24  3:31  Starport  
  24  3:45  Starport  
  24  3:53  Supply Depot  
  24  3:58  Supply Depot  
  24  4:00  SCV  
  25  4:12  SCV  
  25  4:13  Starport Tech Lab  
  25  4:15  Starport Tech Lab  
  26  4:22  Starport  
  26  4:24  SCV  
  27  4:42  Starport, Orbital Command  
  27  4:49  Supply Depot, SCV  
  28  4:56  Starport Tech Lab  
  28  4:58  Banshee  
  31  5:01  SCV  
  31  5:05  Banshee  
  35  5:13  SCV  
  36  5:14  Starport Tech Lab  
  36  5:17  Banshee  
  39  5:24  Starport Tech Lab  
  39  5:25  Refinery  
  39  5:31  SCV  
  40  5:36  Banshee  
  40  5:40  Cloaking Field  
  43  5:43  SCV  
  44  5:55  SCV  
  44  5:56  Hyperflight Rotors  
  45  6:08  Banshee  
  48  6:39  Banshee  
  51  6:40  Banshee  
  51  6:46  Refinery  
  54  6:48  SCV  
  55  6:56  Banshee  
  55  7:00  SCV  
  59  7:13  SCV  
  60  7:25  SCV  
  60  7:26  Banshee  
  60  7:27  Banshee x2  
  70  7:33  Banshee  
  73  7:37  SCV  
  74  7:49  SCV  
  74  7:50  Supply Depot  
  75  7:53  Supply Depot  
  75  8:18  SCV  
  76  8:26  Banshee x5  
  91  8:30  SCV  
  92  8:42  SCV  
  93  8:54  SCV  
  94  9:29  Supply Depot  
  94  9:33  Supply Depot  
  94  9:50  Banshee x2  
  100  9:54  Banshee x3  
  109  10:04  Supply Depot  
  109  10:33  Banshee  
  112  10:37  Banshee x2  
  112  10:39  Supply Depot  
  118  10:46  Supply Depot  
  118  11:01  Banshee  
  118  11:02  Supply Depot  
  121  11:07  Supply Depot  
  121  11:13  Supply Depot  
  121  11:19  Banshee x2  
  121  11:21  Banshee  
  121  11:22  Banshee  
  133  11:28  Supply Depot  
  133  11:35  Supply Depot  
  133  11:43  Banshee  
  136  12:02  Banshee  
  139  12:57  Supply Depot  
  139  13:18  Banshee  
  139  13:19  Banshee x4  
  154  13:44  Supply Depot  
  151  14:01  Banshee x2  
  151  14:02  Banshee x3  
  131  14:44  Banshee x2  
  74  15:31  Viking x4  
  74  15:32  Viking  
  71  16:01  Viking x4  
  71  16:02  Viking  
  69  16:31  Viking x5  
  64  17:01  Viking  
Show
View Real Time Build Order
Export as new Build Order

perroteMayor Terran 

Build Orders:  

Get SALT Encoding   

  12  0:00  SCV  
  13  0:21  SCV  
  14  0:22  Supply Depot  
  14  0:33  SCV  
  15  0:46  Barracks  
  15  1:03  Supply Depot  
  15  1:30  Barracks  
  15  1:37  Refinery  
  15  1:53  Marine  
  16  2:11  Marine  
  17  2:24  Marine  
  17  2:28  Marine  
  19  2:42  Marine  
  20  2:58  Barracks Reactor  
  20  2:59  Refinery  
  20  3:00  Marine  
  21  3:09  SCV  
  22  3:18  Marine  
  23  3:22  SCV  
  23  3:25  Supply Depot  
  24  3:34  SCV  
  25  3:35  Marine x2  
  25  3:40  Barracks Reactor  
  27  3:46  SCV  
  27  3:48  Supply Depot  
  28  3:53  Marine x2  
  30  3:55  Factory  
  30  3:58  SCV  
  31  4:10  Marine  
  31  4:11  Marine, Orbital Command  
  33  4:18  Command Center, Marine x2  
  35  4:28  Marine x2  
  37  4:33  Barracks  
  37  4:50  Factory Tech Lab  
  37  5:02  Supply Depot  
  37  5:04  SCV  
  38  5:09  Marine x2  
  40  5:16  SCV  
  41  5:21  Siege Tank  
  44  5:29  SCV  
  43  6:18  Marine x2  
  41  6:35  Marine  
  41  6:36  Marine  
  43  6:45  SCV  
  44  6:53  Marine x2  
  46  6:57  SCV  
  46  6:58  Marine  
  46  6:59  Marine  
  49  7:09  SCV  
  49  7:11  Marine x2  
  52  7:16  Marine x2  
  52  7:18  Supply Depot  
  54  7:36  Supply Depot  
  54  7:37  Supply Depot  
  54  7:39  Supply Depot, Marine x4, Siege Tank, SCV  
  62  7:52  Refinery  
  62  7:57  Marine, SCV  
  64  8:04  Command Center  
  64  8:06  Marine x3  
  64  8:09  SCV  
  64  8:12  Siege Tank  
  71  8:15  Barracks, Marine  
  71  8:18  Refinery  
  72  8:22  SCV  
  72  8:23  Marine  
  72  8:24  Marine x2  
  76  8:29  Engineering Bay  
  76  8:32  Engineering Bay  
  76  8:33  Marine  
  76  8:34  SCV  
  78  8:41  Marine x2  
  78  8:42  Marine  
  81  8:51  Marine  
  82  8:59  Marine x3  
  85  9:16  Starport  
  85  9:19  Barracks Tech Lab  
  85  9:21  Siege Tank  
  88  9:27  SCV  
  89  9:32  Orbital Command  
  89  9:39  SCV  
  90  9:51  SCV  
  91  9:53  Starport  
  91  9:59  Marine x5  
  95  10:03  Siege Tank, SCV  
  100  10:07  Terran Infantry Armor Level 1  
  100  10:15  SCV  
  100  10:18  Terran Infantry Weapons Level 1  
  101  10:36  Stimpack  
  101  11:00  Supply Depot  
  101  11:01  Supply Depot  
  101  11:18  Missile Turret  
  101  11:19  Missile Turret  
  101  11:21  Marauder, Marine x4, SCV  
  108  11:33  SCV  
  108  11:39  Marine x4, Missile Turret  
  113  11:41  Missile Turret  
  113  11:43  Marauder  
  113  11:45  SCV  
  116  11:50  Supply Depot  
  116  11:52  Supply Depot  
  116  11:56  Supply Depot  
  116  11:57  Marine  
  116  11:59  Starport Reactor  
  116  12:01  Missile Turret  
  117  12:03  Starport Reactor  
  117  12:05  Missile Turret  
  117  12:11  Marauder, Marine x3, SCV  
  123  12:23  SCV  
  124  12:33  Marauder  
  124  12:35  SCV  
  127  12:40  Refinery  
  127  12:48  SCV  
  128  12:54  Marauder  
  130  13:00  SCV  
  130  13:01  Marine x4  
  130  13:04  Refinery  
  132  13:16  Marauder  
  132  13:19  Marine x4  
  138  13:36  Siege Tank  
  141  14:07  Marine  
  139  14:25  Marauder  
  91  14:47  Marauder  
  66  15:08  Marauder  
  66  15:12  Marine x2  
  66  15:13  Marine x2  
  52  15:29  Viking x2, Marine  
  52  15:30  Marine x3  
  52  15:31  Marine  
  52  15:33  Viking x2  
  65  15:47  Marine  
  65  15:48  Marine x4  
  70  15:59  Viking x2  
  70  16:03  Viking x2  
  77  16:04  Marine  
  77  16:06  Marine x4  
  72  16:22  Marine  
  73  16:29  Viking x2  
  77  16:33  Viking x2  
  68  16:59  Viking x2  
  70  17:03  Viking x2  
  65  17:18  Marine x3  
Show
View Real Time Build Order
Export as new Build Order

MrFercho Zerg - Winner!

Build Orders: Hatch First, Lurkers 

Get SALT Encoding   

  12  0:01  Drone  
  13  0:13  Overlord  
  13  0:17  Drone  
  14  0:35  Drone x2  
  16  0:54  Hatchery  
  16  0:56  Drone  
  16  0:57  Drone  
  17  0:59  Drone  
  18  1:10  Extractor  
  17  1:17  Spawning Pool  
  16  1:19  Drone  
  16  1:21  Drone  
  18  1:29  Drone  
  19  1:43  Drone  
  20  1:52  Overlord  
  20  2:06  Queen x2  
  20  2:08  Zergling x4  
  26  2:12  Drone  
  27  2:17  Drone  
  28  2:25  Overlord  
  28  2:28  Drone  
  29  2:33  Drone  
  30  2:38  Drone  
  31  2:45  Drone  
  32  2:52  Drone  
  32  2:55  Drone  
  34  2:59  Lair  
  34  3:00  Metabolic Boost  
  34  3:06  Queen  
  34  3:07  Drone x2  
  34  3:11  Overlord  
  38  3:19  Drone  
  39  3:24  Drone  
  39  3:27  Drone  
  41  3:28  Drone  
  41  3:29  Drone x2  
  44  3:38  Overlord  
  44  3:39  Drone x4  
  48  3:47  Baneling Nest  
  48  3:48  Evolution Chamber  
  46  3:52  Queen  
  48  3:58  Evolution Chamber  
  48  4:01  Hydralisk Den  
  46  4:04  Zergling x14  
  46  4:08  Overlord x2  
  53  4:13  Extractor  
  52  4:19  Drone x2  
  54  4:29  Extractor  
  53  4:38  Queen  
  53  4:42  Zerg Melee Weapons Level 1  
  55  4:46  Drone x2  
  55  4:47  Drone  
  55  4:48  Drone x2  
  61  4:52  Zergling x2  
  61  4:53  Zergling x4  
  63  5:00  Zergling x2  
  63  5:01  Zergling x6  
  67  5:10  Centrifical Hooks  
  67  5:11  Zergling x2  
  67  5:12  Zergling x6  
  71  5:24  Baneling  
  71  5:25  Baneling x7  
  71  5:28  Zergling x8  
  75  5:31  Zergling x2  
  75  5:33  Overlord x2  
  68  5:59  Zergling x2  
  68  6:00  Zergling x14  
  70  6:12  Zergling x4  
  61  6:26  Muscular Augments  
  61  6:28  Zerg Missile Weapons Level 1  
  61  6:39  Hatchery, Hydralisk x6  
  62  6:44  Extractor  
  71  6:52  Drone x3  
  74  7:04  Overseer  
  74  7:09  Hydralisk x3  
  74  7:10  Hydralisk  
  82  7:36  Infestation Pit  
  81  7:37  Grooved Spines  
  81  7:39  Hatchery  
  80  8:27  Spore Crawler  
  80  8:31  Spore Crawler  
  80  8:33  Overseer  
  78  8:35  Zerg Missile Weapons Level 2  
  78  8:38  Hive  
  78  8:44  Spire  
  77  9:11  Overseer, Pneumatized Carapace  
  77  9:24  Hydralisk  
  77  9:25  Hydralisk x12  
  77  9:30  Drone  
  104  9:32  Overlord  
  104  9:33  Overlord x6  
  104  9:35  Overlord  
  104  10:11  Nydus Network  
  103  10:27  Zerg Ground Armor Level 1  
  103  10:43  Lurker Den  
  103  10:47  Spore Crawler  
  103  10:48  Drone x3, Spore Crawler x2  
  102  10:50  Drone x2  
  102  10:51  Drone x13  
  117  11:08  Overlord  
  117  11:12  Greater Spire  
  117  11:17  Overlord x3  
  117  11:43  Lurker x3  
  117  11:44  Hydralisk x10, Lurker  
  141  12:21  Nydus Canal  
  141  12:25  Overlord x2  
  136  12:58  Seismic Spines  
  134  12:59  Zerg Flyer Weapons Level 1  
  116  13:08  Hydralisk  
  116  13:09  Hydralisk x8  
  99  13:15  Zergling x2  
  99  13:16  Zergling x38  
  99  13:17  Zergling x4  
  121  13:20  Extractor  
  121  13:22  Extractor  
  119  13:35  Zergling x10  
  124  13:44  Hatchery  
  123  13:55  Adaptive Talons  
  61  14:18  Hydralisk  
  61  14:19  Hydralisk x8  
  76  14:25  Queen  
  76  14:30  Hydralisk  
  76  14:31  Hydralisk x8  
  80  14:35  Drone x3  
  80  14:36  Drone x3  
  102  15:07  Zergling x34  
  119  15:19  Zergling x10  
  124  15:24  Lurker x7  
  124  15:26  Zergling x4  
  124  15:28  Queen  
  135  15:56  Hydralisk x8  
  135  15:57  Hydralisk  
  151  16:08  Extractor  
  149  16:12  Extractor  
  130  16:39  Hydralisk x12  
  137  17:31  Hydralisk x12  
  137  17:32  Hydralisk x6  
  170  17:45  Nydus Canal  
Show
View Real Time Build Order
Export as new Build Order

TATORREA Protoss - Winner!

Build Orders:  

Get SALT Encoding   

  12  0:02  Probe  
  13  0:14  Probe  
  14  0:22  Pylon  
  14  0:28  Probe  
  15  0:40  Probe  
  16  0:53  Probe  
  16  0:54  Gateway  
  17  0:58  Gateway  
  17  1:05  Probe  
  17  1:09  Assimilator  
  18  1:17  Probe  
  19  1:19  Pylon  
  19  1:29  Probe  
  19  1:30  Assimilator  
  19  1:32  Pylon  
  20  1:41  Probe  
  21  1:51  Cybernetics Core  
  21  1:53  Probe  
  22  2:05  Gateway, Probe  
  22  2:17  Probe  
  23  2:35  Twilight Council  
  23  2:43  Nexus  
  23  2:52  Pylon  
  23  3:03  Adept  
  23  3:04  Adept  
  27  3:06  Resonating Glaives (Chrono Boost)  
  27  3:16  Adept  
  29  3:33  Adept  
  31  3:34  Adept  
  31  3:39  Warp Gate  
  33  3:46  Adept, Probe  
  36  3:58  Probe  
  37  4:03  Adept  
  37  4:04  Adept  
  37  4:08  Probe  
  42  4:16  Adept, Probe  
  45  4:20  Probe  
  46  4:28  Charge, Probe  
  46  4:29  Pylon  
  47  4:39  Forge  
  47  4:49  Probe  
  47  4:50  Probe  
  49  5:01  Probe  
  49  5:02  Probe  
  51  5:08  Protoss Ground Weapons Level 1 (Chrono Boost)  
  51  5:14  Probe x2  
  53  5:23  Assimilator  
  53  5:25  Assimilator  
  53  5:26  Probe x2  
  55  5:39  Probe x2  
  55  5:41  Nexus  
  57  5:43  Pylon  
  57  5:45  Pylon  
  57  5:51  Probe x2  
  45  6:14  Probe x2  
  43  6:26  Probe x2  
  43  6:30  Stalker x3  
  51  6:41  Gateway  
  51  6:44  Gateway  
  51  6:46  Gateway, Probe x2  
  53  6:51  Gateway  
  53  6:55  Gateway x2  
  53  6:58  Gateway, Pylon, Probe x3  
  56  7:02  Pylon  
  56  7:06  Protoss Ground Weapons Level 2 (Chrono Boost)  
  56  7:10  Probe x3  
  59  7:18  Forge  
  59  7:21  Templar Archives  
  59  7:22  Probe x3  
  62  7:26  Assimilator  
  62  7:30  Assimilator  
  62  7:31  Zealot x2  
  62  7:34  Zealot  
  62  7:36  Probe  
  69  7:38  Probe  
  69  7:39  Probe  
  71  7:48  Probe  
  71  7:50  Probe, Protoss Shields Level 1 (Chrono Boost)  
  73  7:51  Probe  
  73  7:57  Psionic Storm  
  74  8:01  High Templar x2  
  74  8:02  High Templar x5  
  74  8:04  Zealot  
  90  8:06  Zealot  
  90  8:09  Zealot  
  90  8:11  Archon x2  
  90  8:12  Archon  
  94  8:25  Robotics Facility  
  94  8:36  Stalker x2, Nexus  
  94  8:37  Stalker  
  94  8:38  Pylon  
  94  8:41  Stalker  
  102  8:44  Pylon  
  102  8:50  Pylon  
  92  9:08  Probe  
  92  9:09  Probe x2  
  93  9:14  Observer  
  94  9:17  Stalker x2  
  94  9:19  Stalker x4  
  94  9:20  Probe  
  94  9:21  Stalker, Probe x2  
  111  9:33  Probe x3  
  111  9:37  Observer  
  115  9:39  Protoss Ground Weapons Level 3 (Chrono Boost)  
  115  9:44  Protoss Shields Level 2 (Chrono Boost)  
  115  9:45  Probe x3  
  118  9:57  Probe x4  
  122  10:01  Stalker x4  
  130  10:09  Probe x2  
  130  10:11  Probe  
  130  10:12  Probe  
  134  10:18  Assimilator  
  134  10:20  Assimilator  
  134  10:21  Probe x2  
  135  10:24  Stalker  
  135  10:25  Stalker x4  
  146  10:35  Probe x2  
  148  10:48  Pylon  
  148  10:51  Pylon  
  148  10:54  Pylon  
  148  10:58  Pylon  
  148  11:02  Pylon  
  148  11:04  Blink  
  148  11:06  Probe x3  
  151  11:14  Pylon  
  151  11:18  Pylon  
  151  11:28  Photon Cannon  
  151  11:30  Photon Cannon  
  151  11:31  Photon Cannon  
  151  11:33  Photon Cannon  
  151  11:35  Photon Cannon  
  151  11:38  Photon Cannon  
  151  11:41  High Templar x3  
  151  11:42  Photon Cannon, High Templar x5  
  151  11:43  High Templar x2  
  151  11:46  Archon x2  
  171  11:47  Photon Cannon, Archon x2  
  171  11:48  Archon  
  171  11:57  Photon Cannon  
  171  11:59  Photon Cannon  
  171  12:00  Photon Cannon  
  171  12:03  Photon Cannon  
  171  12:11  Gateway  
  171  12:13  Gateway x2  
  171  12:14  Gateway  
  169  12:15  Gateway  
  169  12:19  Gateway  
  161  12:29  Stalker x3, Gateway  
  165  12:30  Stalker x3  
  165  12:31  Gateway, Stalker  
  165  12:33  Stalker  
  165  12:34  Gateway, Stalker  
  165  12:35  Gateway  
  165  12:36  Gateway  
  177  12:41  Gateway  
  177  12:46  Probe  
  177  12:47  Probe x3  
  181  12:54  Pylon  
  181  12:58  Protoss Ground Armor Level 1 (Chrono Boost), Pylon  
  181  12:59  Protoss Shields Level 3 (Chrono Boost), Probe x3  
  181  13:00  Pylon  
  184  13:13  High Templar x3  
  184  13:14  High Templar x3  
  184  13:17  Zealot x2  
  200  13:22  Archon  
  200  13:23  Archon x2  
  107  15:24  Stalker  
  107  15:25  Stalker x4  
  107  15:26  Stalker x3  
  107  15:27  Stalker x5  
  107  15:28  Stalker x4  
  137  15:29  Stalker x3  
  137  15:30  Stalker x2  
  145  15:50  Nexus  
  145  15:51  Pylon  
  145  15:53  Pylon  
  132  16:08  Stalker x2  
  132  16:09  Stalker x4  
  132  16:10  Stalker x3  
  132  16:11  Stalker x4  
  138  16:12  Stalker x4, Gateway  
  138  16:13  Stalker x2  
  138  16:14  Gateway, Stalker x2  
  138  16:15  Stalker  
  160  16:19  Observer  
  161  16:54  Stalker x2  
  161  16:55  Stalker x3  
  161  16:56  Stalker x4  
  161  16:57  Stalker x2  
  161  16:58  Stalker x3  
  161  16:59  Stalker x2  
  193  17:04  Stalker, Pylon  
  193  17:05  Nexus  
  193  17:06  Stalker  
  193  17:07  Pylon  
  197  17:10  Gateway  
  197  17:15  Gateway, Assimilator  
  197  17:16  Gateway, Assimilator  
  197  17:17  Zealot  
Show
View Real Time Build Order
Export as new Build Order

tigro Terran - Winner!

Build Orders:  

Get SALT Encoding   

  12  0:13  SCV  
  13  0:15  Supply Depot  
  13  0:25  SCV  
  14  0:37  SCV  
  15  0:44  Barracks  
  15  0:48  Refinery  
  15  0:49  SCV  
  16  1:01  SCV  
  17  1:13  SCV  
  18  1:25  SCV  
  18  1:31  Marine  
  20  1:35  Supply Depot  
  20  1:37  SCV  
  21  1:41  Refinery  
  21  1:49  Marine  
  22  2:00  SCV  
  22  2:01  Factory  
  23  2:07  Marine  
  24  2:12  SCV  
  25  2:24  SCV  
  25  2:25  Marine  
  27  2:37  Orbital Command  
  27  2:42  Marine  
  28  2:45  Factory Tech Lab  
  28  2:49  Engineering Bay  
  28  3:01  Barracks Tech Lab  
  28  3:04  Siege Tank  
  31  3:22  Missile Turret  
  31  3:31  Combat Shield  
  31  3:36  Terran Infantry Weapons Level 1, Siege Tank  
  34  3:54  Command Center  
  34  4:32  Marine  
  34  4:37  Siege Tank  
  38  4:50  Stimpack, Marine  
  39  5:08  Marine  
  39  5:09  Refinery  
  40  5:17  Starport  
  40  5:26  Marine  
  41  5:30  Terran Infantry Armor Level 1  
  41  5:44  Marine, Cyclone  
  45  6:01  Marine  
  39  6:16  Cyclone  
  39  6:19  Marine  
  39  6:25  Medivac  
  41  6:37  Marine  
  38  6:48  Cyclone  
  38  6:49  Refinery  
  40  6:55  Medivac, Marine  
  43  7:05  Armory  
  43  7:13  Marine  
  43  7:14  SCV  
  45  7:20  Cyclone  
  48  7:26  SCV  
  49  7:31  Marine  
  50  7:39  SCV  
  50  7:42  Barracks, Starport Tech Lab  
  51  7:48  Marine  
  51  7:51  SCV  
  53  7:52  Fusion Core, Cyclone, Neosteel Armor  
  56  8:03  SCV  
  57  8:06  Marine  
  58  8:15  SCV  
  59  8:27  SCV  
  60  8:39  SCV  
  61  8:47  Missile Turret  
  61  8:51  SCV  
  61  8:53  Barracks Reactor  
  62  9:09  Missile Turret  
  62  9:23  Supply Depot  
  62  9:29  Starport  
  62  9:30  Weapon Refit  
  62  9:32  Terran Vehicle And Ship Armor Level 1, Missile Turret  
  62  9:35  Hi-Sec Auto Tracking  
  62  9:44  SCV  
  63  9:46  Supply Depot  
  63  9:55  Missile Turret  
  63  10:09  Supply Depot, SCV  
  64  10:15  Missile Turret  
  65  10:21  SCV  
  65  10:29  Missile Turret  
  65  10:32  Terran Infantry Weapons Level 2  
  65  10:33  SCV  
  66  10:35  Missile Turret  
  66  10:45  SCV  
  70  10:50  Siege Tank  
  70  10:52  Missile Turret  
  70  10:55  Starport Tech Lab  
  70  10:56  Missile Turret  
  70  10:57  SCV  
  71  11:09  SCV  
  71  11:10  Rapid Reignition System  
  72  11:18  Missile Turret  
  72  11:21  SCV  
  72  11:22  Siege Tank  
  76  11:27  Terran Vehicle Weapons Level 1  
  76  11:41  Missile Turret  
  76  11:43  Command Center  
  76  11:53  Thor  
  82  12:00  Missile Turret  
  82  12:02  Missile Turret  
  82  12:05  Planetary Fortress  
  82  12:22  Missile Turret x2  
  82  12:57  Refinery  
  82  12:59  Planetary Fortress  
  82  13:07  Battlecruiser  
  82  13:08  Battlecruiser  
  82  13:09  Refinery  
  94  13:13  Thor  
  100  13:20  Marine  
  100  13:21  Terran Ship Weapons Level 1  
  101  13:30  Marine x2  
  103  13:38  Marine  
  104  13:47  Marine x2  
  103  13:56  Marine  
  90  14:05  Marine x2  
  89  14:12  Battlecruiser x2  
  89  14:14  Marine  
  96  14:23  Marine x2  
  97  14:32  Marine  
  97  14:37  Thor  
  104  14:41  Marine x2  
  106  14:50  Marine, SCV  
  108  14:59  Marine x2  
  108  15:02  SCV  
  106  15:14  SCV  
  106  15:16  Marine, Battlecruiser  
  114  15:26  SCV  
  115  15:38  SCV  
  109  16:20  Marine  
  109  16:21  Marine x2  
  112  16:32  Thor  
  112  16:38  Marine  
  112  16:39  Marine x2  
  89  16:56  Marine x3  
  80  17:14  Marine x3  
  80  17:15  Thor  
  93  17:32  Marine x3  
  95  17:49  Marine  
  95  17:50  Marine x2  
  104  18:20  Missile Turret  
Tags
 
Add a new tag
Caveats
  • Supply blocks, unpowered buildings, or Contaminate may cause inaccurate times.
  • Supply counts are checked every 10 seconds.